Bacon, chaotic male human Wizard --- -----..--<|.. -..|.......). ...@....[.... -.G.u...... -..... --.... Bacon the Conjurer Experience level: 4 Strength: 10 Dexterity: 8 Constitution: 12 Intelligence: 19 Wisdom: 19 Charisma: 8 Health: 0(23) Energy: 46(46) Def: 3 Gold: 307 Moves: 2590 Dungeon seed: 8eSiHfOuyy-3cYcO Game ID: Bacon_1512250415 Your Inventory: Coins $ - 307 gold pieces Amulets k - an uncursed amulet of ESP Weapons a - a blessed +1 quarterstaff (weapon in hands) G - 12 uncursed poisoned +0 darts (in quiver) I - 4 cursed -4 darts Armor e - a blessed +0 cloak of magic resistance (being worn) n - an uncursed +0 leather armor (being worn) Comestibles w - 12 uncursed eucalyptus leaves x - 3 uncursed oranges O - an uncursed food ration Scrolls F - 2 uncursed scrolls of scare monster Spellbooks b - a blessed spellbook of force bolt c - an uncursed spellbook of knock l - an uncursed spellbook of wizard lock Potions h - an uncursed potion of hallucination j - an uncursed potion of sickness o - an uncursed potion of speed D - an uncursed potion of oil Rings J - an uncursed ring of polymorph L - a blessed +2 ring of adornment Wands d - an uncursed wand of nothing (0:7) K - an uncursed wand of teleportation (0:5) Gems s - an uncursed amethyst u - an uncursed jade Spells and supernatural/magical abilities: Name Level Category Fail Memory a - force bolt 1 attack 0% 88% k - knock 1 matter 0% 88% W - pray for help -- divine ? -- Your skills at the end: Miscellaneous Skills wands [Basic] Weapon Skills quarterstaff [Basic] Spellcasting Skills attack spells [Basic] enchantment spells [Basic] Final Attributes: You were piously aligned. You were magic-protected. Your writing hand was ok. You were somewhat stealthy. You are dead. Vanquished creatures: a dwarf a homunculus a giant bat a hobbit 2 large kobolds a hobgoblin a brown mold 3 gnomes a gnome zombie 6 jackals a fox 4 newts 2 goblins a sewer rat 6 grid bugs 4 lichens a kobold zombie 37 creatures vanquished. Voluntary challenges: You did not adorn yourself with jewelry or accessories. You did not cause conflict. You were not invisible. You did not have reflection. You were not displaced. You were an atheist. You used a wielded weapon 27 times, starting on turn 297. You did not apply a unicorn horn. You did not use plumbed fixtures. You read items or engraved 5 times, starting on turn 464. You never genocided any monsters. You never polymorphed an object. You never changed form. You used no wishes. You never split a pudding. You wrote Elbereth's name 1 time, starting on turn 2383. You never violated your personal moral code. Dungeon overview: The Dungeons of Doom: levels 1 to 4 Level 1 a long staircase Level 2 a fountain portal to Advent Calendar Level 3 Level 4 a fountain stairs to The Gnomish Mines The Gnomish Mines: Level 5 <- You were here stairs to The Dungeons of Doom Advent Calendar: Level 1 many trees portal to The Dungeons of Doom History has recorded: On T:1 you entered the Dungeons of Doom to retrieve the Amulet of Yendor! On T:355 you reached level 2 of The Dungeons of Doom. On T:576 you reached level 1 of Advent Calendar. On T:978 you advanced to experience level 2. On T:1651 you reached level 3 of The Dungeons of Doom. On T:1892 you advanced to experience level 3. On T:2264 you reached level 4 of The Dungeons of Doom. On T:2517 you reached level 1 of The Gnomish Mines. On T:2522 you advanced to experience level 4. Score breakdown: Gold: 307 ( 30 points) Experience: 4 levels ( 300 points) Exploration: 5 levels ( 120 points) Discoveries: 21 items ( 1050 points) Variety of kills: 17 monsters ( 850 points) Major goal: (nothing yet) ( 0 points) Survival: died (score multiplied by 3) Total score: 7050 Latest messages: The pony devours an uncursed orange. You see here a food ration. You hear some noises. O - a food ration. The gnome king swings his bow at you. The gnome king hits! The gnome king punches you! You feel better. The spell hits the gnome king. The gnome king swings his bow at you. The gnome king hits! The gnome king punches you! You kill the gnome! There are a few objects here. The gnome king swings his bow at you. The gnome king hits! The gnome king punches you! You die... Final status: Goodbye Bacon the Wizard, killed by a gnome king... You died in The Gnomish Mines on dungeon level 5 with 7050 points, and 307 pieces of gold, after 2590 moves. You were level 4 with a maximum of 23 hit points when you died.